 Dungeon Crawl Stone Soup version 0.18.1-5-g4a78601 (webtiles) character file.

336 dracos369 the Poker (level 6, -6/44 HPs)
             Began as a Merfolk Skald on May 13, 2016.
             Shot with an arrow by a centaur (8 damage)
             ... on level 5 of the Dungeon.
             The game lasted 00:10:21 (4085 turns).

dracos369 the Poker (Merfolk Skald)                 Turns: 4085, Time: 00:10:22

Health: -6/44      AC:  3    Str: 12    XL:     6   Next: 54%
Magic:  3/9        EV: 11    Int: 17    God:
Gold:   317        SH:  0    Dex: 15    Spells: 3 memorised, 3 levels left

rFire  + . .     SeeInvis .     a - +0 spear
rCold  . . .     Gourm    .     j - +0 leather armour {rF+}
rNeg   . . .     Faith    .     (no shield)
rPois  .         Spirit   .     (no helmet)
rElec  .         Dismiss  .     (no cloak)
rCorr  .         Reflect  .     (no gloves)
SustAt .         Harm     .     (no boots)
MR     .....                    (no amulet)
Stlth  +.........               (no ring)
                                (no ring)

@: brilliant, shrouded, infused, not resistant to hostile enchantments, very
unstealthy
A: change form in water, swift swim
a: no special abilities


You were on level 5 of the Dungeon.
You were not hungry.

You visited 1 branch of the dungeon, and saw 5 of its levels.

You collected 317 gold pieces.

Inventory:

Hand Weapons
 a - a +0 spear (weapon)
Armour
 j - a +0 leather armour of fire resistance (worn)
Scrolls
 e - a scroll of enchant armour {unknown}
 g - a scroll of remove curse
 i - 2 scrolls of immolation {unknown}
 n - 3 scrolls of identify
 o - a scroll of enchant weapon {unknown}
Potions
 b - a potion of flight {unknown}
 f - a potion of heal wounds {unknown}
 h - a potion of brilliance
 k - a potion of lignification {unknown}
 l - 2 potions of curing
Books
 c - a book of Battle

   Spells                             Type                      Level
   a - Infusion                       Charms                       1
   b - Shroud of Golubria             Charms/Translocation         2
   c - Song of Slaying                Charms                       2
   d - Spectral Weapon                Hexes/Charms                 3
   e - Regeneration                   Charms/Necromancy            3
Comestibles
 d - 3 bread rations
 m - 2 meat rations
 q - a beef jerky


   Skills:
 - Level 2.1 Fighting
 * Level 7.3 Polearms
 + Level 1.8 Armour
 - Level 1.3 Dodging
 - Level 2.0 Spellcasting
 + Level 2.2 Hexes
 + Level 4.3 Charms


You had 3 spell levels left.
You knew the following spells:

 Your Spells              Type           Power        Failure   Level  Hunger
a - Infusion              Chrm           ####         1%          1    #......
c - Spectral Weapon       Hex/Chrm       ###.....     2%          3    ###....
g - Shroud of Golubria    Chrm/Tloc      ###.......   2%          2    ###....


Dungeon Overview and Level Annotations

Branches:
Dungeon (5/15)
 Temple: D:4-7

Altars:
Xom

Annotations:
D:4 Uhlv's ghost, amateur GrBe


Message History

* * * LOW HITPOINT WARNING * * *
Unknown command.
Attack whom?
Press: ? - help, Dir - move target cursor, f/p - centaur
Aim: a centaur, wielding a shortbow You could not reach far enough!
The centaur shoots an arrow.
The arrow closely misses your spectral weapon.
The arrow hits you.
* * * LOW HITPOINT WARNING * * *
Attack whom?
Press: ? - help, Dir - move target cursor, f/p - centaur
Aim: a centaur, wielding a shortbow You reach to attack!
You barely miss the centaur.
Your spectral weapon hits the centaur.
Attack whom?
Press: ? - help, Dir - move target cursor, f/p - centaur
Aim: a centaur, wielding a shortbow (lightly wounded)
You could not reach far enough!
The centaur shoots an arrow.
The arrow hits you!
You die...

####..#............#
##........########..#
.(.....##.# .#
....<.....# #
####...###
.#####...########
.................
.######.(c#######.
.......@#(#
#.#######(# #(# # #.#
#.#######.##
#..........#
#.....###c.#
#.....###(.#
.......((..#


You could see a centaur.

Vanquished Creatures
  A phantom (D:5)
  A howler monkey (D:4)
  A hound (D:4)
  Jessica (D:2)
  3 gnolls (D:3)
  4 adders
  4 worms
  2 dart slugs (D:2)
  2 giant geckos
  5 orcs (D:3)
  9 bats
  2 giant cockroaches
  7 goblins
  9 hobgoblins
  6 jackals (D:2)
  5 giant newts
  2 kobolds
  A quokka zombie (D:5)
  10 rats
75 creatures vanquished.

Notes
Turn   | Place    | Note
--------------------------------------------------------------
     0 | D:1      | dracos369 the Merfolk Skald began the quest for the Orb.
     0 | D:1      | Reached XP level 1. HP: 16/16 MP: 3/3
   317 | D:1      | Reached skill level 4 in Polearms
   317 | D:1      | Reached XP level 2. HP: 21/22 MP: 5/5
   701 | D:2      | Learned a level 2 spell: Shroud of Golubria
   782 | D:2      | Reached skill level 5 in Polearms
   782 | D:2      | Reached XP level 3. HP: 16/27 MP: 0/6
   960 | D:2      | Learned a level 3 spell: Spectral Weapon
   974 | D:2      | Noticed Jessica
   980 | D:2      | Killed Jessica
   980 | D:2      | Reached XP level 4. HP: 18/33 MP: 3/7
  1331 | D:2      | Reached skill level 1 in Hexes
  1681 | D:2      | Found a shimmering altar of Xom.
  2033 | D:3      | Reached skill level 6 in Polearms
  2527 | D:3      | Reached XP level 5. HP: 15/38 MP: 0/8
  2845 | D:3      | Reached skill level 1 in Armour
  3488 | D:4      | Noticed Uhlv's ghost (amateur GrBe)
  3695 | D:4      | Reached skill level 7 in Polearms
  3695 | D:4      | Reached XP level 6. HP: 39/44 MP: 3/9
  3701 | D:5      | Entered Level 5 of the Dungeon
  3761 | D:5      | Noticed a phantom
  3818 | D:5      | Killed a phantom
  4083 | D:5      | HP: 2/44 [centaur/arrow (6)]
  4085 | D:5      | Shot with an arrow by a centaur

Skill      XL: |  1  2  3  4  5 |
---------------+----------------+-----
Polearms       | 4 5 6 7 |  7.3
Hexes          | 1 2 |  2.2
Charms         | 4 |  4.3
Armour         | 1 |  1.8
Fighting       | |  2.1
Dodging        | |  1.3
Spellcasting   | |  2.0

Action                   |  1- 3 |  4- 6 || total
-------------------------+-------+-------++-------
Melee: Spear             |    97 |   274 ||   371
       Tailslap          |       |     1 ||     1
 Cast: Infusion          |     3 |     9 ||    12
       Spectral Weapon   |       |     6 ||     6
       Shroud of Golubri |       |     2 ||     2
  Use: Scroll            |     2 |     1 ||     3
       Potion            |     1 |     2 ||     3
 Stab: Sleeping          |     1 |     2 ||     3
  Eat: Chunk             |       |    11 ||    11
Armor: Leather armour    |     4 |    24 ||    28
       Ring mail         |    26 |    10 ||    36
       Robe              |       |    10 ||    10
Dodge: Dodged            |    44 |   104 ||   148
